 Dungeon Crawl Stone Soup version 0.30-a0-800-g7c544603b3 (webtiles) character file.

Game seed: 10820635190477472669

3200 hikkokomori the Cleaver (level 9, -2/85 HPs)
             Began as a Hill Orc Fighter on Feb 23, 2023.
             Was a Follower of Okawaru.
             Killed from afar by a steam dragon (9 damage)
             ... with a ball of steam
             ... on level 7 of the Dungeon.
             The game lasted 00:07:27 (7559 turns).

hikkokomori the Cleaver (Hill Orc Fighter)          Turns: 7559, Time: 00:07:27

Health: -2/85      AC: 10    Str: 23    XL:     9   Next: 96%
Magic:  11/11      EV:  9    Int:  8    God:    Okawaru [*.....]
Gold:   288        SH:  5    Dex: 10    Spells: 8/8 levels left

rFire   . . .      SeeInvis +    a - +0 war axe
rCold   . . .      Faith    .    c - +0 buckler
rNeg    . . .      Spirit   .    b - +0 scale mail
rPois   .          Reflect  .    t - +0 helmet
rElec   .          Harm     .    (no cloak)
rCorr   .          Rampage  .    g - +0 pair of gloves
Will    .....                    (no boots) Stlth
                                 (no amulet)
HPRegen 0.34/turn                j - ring of see invisible
MPRegen 0.12/turn                (no ring)

@: mighty
A: no striking features
a: Renounce Religion, Heroism


You were on level 7 of the Dungeon.
You worshipped Okawaru.
Okawaru was aware of your devotion.
You visited 2 branches of the dungeon, and saw 8 of its levels.

You collected 332 gold pieces.
You spent 44 gold pieces at shops.

Inventory:

Hand Weapons
 a - a +0 war axe (weapon)
Missiles
 u - 3 throwing nets (quivered)
Armour
 b - a +0 scale mail (worn)
 c - a +0 buckler (worn)
 g - a +0 pair of gloves (worn)
 t - a +0 helmet (worn)
Jewellery
 j - a ring of see invisible (left hand)
Wands
 w - a wand of mindburst (7)
 x - a wand of paralysis (18)
Scrolls
 f - 3 scrolls of teleportation
 k - a scroll of vulnerability {unknown}
 l - a scroll of brand weapon {unknown}
 m - a scroll of torment
 q - 2 scrolls of fear {unknown}
 s - 2 scrolls of fog {unknown}
 v - a scroll of immolation {unknown}
 y - 2 scrolls of identify
 z - 2 scrolls of magic mapping {unknown}
Potions
 d - 4 potions of might
 e - a potion of degeneration {unknown}
 h - 3 potions of berserk rage
 i - 4 potions of heal wounds {unknown}
 n - 4 potions of attraction
 o - 2 potions of curing
 p - a potion of mutation {unknown}
 r - 2 potions of haste {unknown}


   Skills:
 + Level 10.0 Fighting
 + Level 10.5 Axes
 + Level 7.1 Armour
 - Level 6.4 Shields
 + Level 3.0 Invocations


You had 8 spell levels left.
You didn't know any spells.
Your spell library contained the following spells:

 Spells                   Type           Power      Damage    Failure   Level
 Shock                    Conj/Air       0%         1d3       77%         1
 Slow                     Hex            0%         N/A       77%         1
 Confusing Touch          Hex            0%         N/A       98%         3
 Swiftness                Air            0%         N/A       98%         3
 Vampiric Draining        Necr           0%         2d6       98%         3
 Airstrike                Air            0%         2d(0-16)  100%        4


Dungeon Overview and Level Annotations

Branches:
Dungeon (7/15)             Temple (1/1) D:7

Altars:
Dithmenos
Fedhas
Gozag
Hepliaklqana
Kikubaaqudgha
Makhleb
Nemelex Xobeh
Okawaru
Qazlal
Ru
Sif Muna
Trog
Uskayaw
Vehumet
Wu Jian
Xom
Yredelemnul
Zin
The Shining One

Shops:
D:6 !


Message History

You are too injured to fight recklessly!
You are too injured to fight recklessly!
You are too injured to fight recklessly!
You are too injured to fight recklessly!
Found a hand axe.
The steam dragon bites you. You block the steam dragon's attack.
You barely miss the steam dragon.
The steam dragon is lightly wounded.
You are engulfed in a cloud of scalding steam.
The steam dragon bites you but does no damage.
The steam dragon claws you but does no damage.
You closely miss the steam dragon.
The steam dragon is lightly wounded.
You are engulfed in a cloud of scalding steam.
* * * LOW HITPOINT WARNING * * *
The steam dragon bites you.
* * * LOW HITPOINT WARNING * * *
You block the steam dragon's attack.
You closely miss the steam dragon.
The steam dragon is lightly wounded.
You are engulfed in a cloud of scalding steam.
* * * LOW HITPOINT WARNING * * *
The steam dragon bites you.
* * * LOW HITPOINT WARNING * * *
You block the steam dragon's attack.
You feel very mighty all of a sudden. The steam dragon breathes steam at you.
The ball of steam hits you!
* * * LOW HITPOINT WARNING * * *
The steam dragon bites you.
* * * LOW HITPOINT WARNING * * *
The steam dragon claws you but does no damage.
You slash the steam dragon!
The steam dragon is heavily wounded.
The steam dragon bites you.
* * * LOW HITPOINT WARNING * * *
The steam dragon misses you. The steam dragon breathes steam at you.
The ball of steam hits you!
You die...

#.##.# #.# #.##>#
#.# #.##.# ###
#.##.# ).# #.##.#
#.# #.##.# #.#
#.##.###### #.#
.....##...#######D#
#######.........@.#
#...######### ##.##
#.# # #.# # #.# #
#.# # #.# # #.#


You could see a steam dragon (catching breath).

Vanquished Creatures
  Pikel (D:7)
  Menkaure (D:6)
  A water moccasin (D:7)
  2 black bears
  An orc warrior (D:7)
  3 ogres
  A centaur (D:5)
  A kobold brigand (D:7)
  A lemure (D:7)
  5 phantoms
  2 necrophages
  6 scorpions
  An oklob sapling (D:7)
  A howler monkey (D:5)
  3 jellies
  3 hounds
  4 iguanas
  4 orc priests
  2 gnoll boudas (D:7)
  6 orc wizards
  14 gnolls
  4 adders
  2 shadow imps
  3 ufetubi (D:5)
  A worm (D:2)
  6 dart slugs
  32 orcs
  3 bats
  2 endoplasms
  3 giant cockroaches
  7 goblins
  8 hobgoblins
  5 jackals (D:1)
  14 ball pythons
  8 frilled lizards
  12 kobolds
  8 rats
181 creatures vanquished.

Vanquished Creatures (others)
  17 plants (D:7)
17 creatures vanquished.

Grand Total: 198 creatures vanquished

Notes
Turn   | Place    | Note
-------+----------+-------------------------------------------
     0 | D:1      | hikkokomori the Hill Orc Fighter began the quest for the
                  | Orb.
     0 | D:1      | Reached XP level 1. HP: 19/19 MP: 1/1
    97 | D:1      | Reached XP level 2. HP: 27/27 MP: 2/2
   193 | D:1      | Found a faded altar of an unknown god.
   418 | D:1      | Reached XP level 3. HP: 33/33 MP: 3/3
  1115 | D:2      | Reached XP level 4. HP: 41/41 MP: 4/4
  2289 | D:4      | Reached XP level 5. HP: 36/47 MP: 5/5
  2425 | D:4      | Reached skill level 5 in Fighting
  2579 | D:4      | Reached skill level 5 in Axes
  2664 | D:4      | Reached XP level 6. HP: 52/56 MP: 6/6
  3073 | D:4      | Reached XP level 7. HP: 61/63 MP: 7/7
  3207 | D:5      | Entered Level 5 of the Dungeon
  3612 | D:5      | Reached skill level 5 in Armour
  3655 | D:5      | Reached skill level 5 in Shields
  3699 | D:5      | Reached XP level 8. HP: 64/73 MP: 8/8
  4893 | D:6      | Found Bessaer's Distillery.
  4899 | D:6      | Bought a potion of might for 44 gold pieces
  5086 | D:6      | Reached XP level 9. HP: 41/82 MP: 9/9
  5267 | D:6      | Found a radiant altar of Vehumet.
  5362 | D:6      | Noticed Menkaure
  5369 | D:6      | Killed Menkaure
  5808 | D:6      | Found a burning altar of Makhleb.
  5808 | D:6      | Noticed a balrug
  6303 | D:7      | Found a staircase to the Ecumenical Temple.
  6312 | Temple   | Entered the Ecumenical Temple
  6550 | Temple   | Became a worshipper of Warmaster Okawaru
  6981 | D:7      | Reached skill level 10 in Axes
  6987 | D:7      | Reached skill level 1 in Invocations
  7215 | D:7      | Noticed Pikel
  7237 | D:7      | Killed Pikel
  7237 | D:7      | Reached * piety under Okawaru
  7457 | D:7      | Found a stormy altar of Qazlal.
  7520 | D:7      | Reached skill level 10 in Fighting
  7559 | D:7      | Killed from afar by a steam dragon

Illustrated notes

Levels and vault maps discovered:
D:1:      scummos_arrival_hexagon, layout_basic,
          hellmonk_ecumenical_altar_dog_temple
D:2:      layout_rooms
D:3:      layout_basic
D:4:      layout_gridville
D:5:      layout_loops_corners, minmay_crossroads
D:6:      layout_basic, makhleb_altar_promises_db,
          mainiacjoe_overflow_tiny_flanked, serial_shops, shop, uniq_menkaure
D:7:      layout_loops_ring, grunt_qazlal_sundering,
          nicolae_elyvilon_temple_path, minmay_temple_entry_oklob, uniq_pikel
Temple:   eino_temple_rhombus

Skill      XL: |  1  2  3  4  5  6  7  8  9 |
---------------+----------------------------+-----
Axes           | 3 4 5 7 8 10 | 10.5
Fighting       | 4 5 6 7 8 10 | 10.0
Armour         | 4 5 6 7 |  7.1
Shields        | 4 5 6 |  6.4
Invocations    | 3 |  3.0

Action                     |  1- 3 |  4- 6 |  7- 9 || total
---------------------------+-------+-------+-------++-------
  Melee: War axe           |   101 |   162 |   365 ||   628
    Use: Scroll            |       |       |     5 ||     5
         Potion            |       |       |     2 ||     2
 Armour: Scale mail        |    42 |    69 |   178 ||   289
  Dodge: Dodged            |    33 |    79 |   155 ||   267
  Block: Buckler           |    28 |    30 |    96 ||   154

Table legend: (Time is in decaauts)
 A = Elapsed time spent in this place.
 B = Non-inter-level travel time spent in this place.
 C = Inter-level travel time spent in this place.
 D = Time resting spent in this place.
 E = Time spent auto-exploring this place.
 F = Levels seen in this place.
 G = Mean time per level.
                   A        B        C        D        E       F      G
               +--------+--------+--------+--------+--------+-----+--------+
         Total |   7696 |   7404 |    292 |    142 |   5941 |   8 |  962.0 |
       Dungeon |   7440 |   7184 |    256 |    142 |   5736 |   7 | 1062.9 |
        Temple |    256 |    220 |     36 |      0 |    205 |   1 |  256.0 |
               +--------+--------+--------+--------+--------+-----+--------+

Top non-repeatable levels by time:
     D:6: 1479 daAuts
     D:5: 1470 daAuts
     D:7: 1194 daAuts
     D:4: 991 daAuts
     D:3: 912 daAuts
     D:1: 866 daAuts
     D:2: 524 daAuts
  Temple: 256 daAuts
